 Dungeon Crawl Stone Soup version 0.31-a0-1376-g36f0627844 (webtiles) character file.

Game seed: 15876689913592690308

51 Colgate the Twirler (level 3, -1/27 HPs)
             Began as a Demonspawn Gladiator on Dec 24, 2023.
             Slain by Crazy Yiuf
             ... wielding a +3 quarterstaff of chaos
              (16 damage)
             ... on level 2 of the Dungeon.
             The game lasted 00:04:06 (1149 turns).

Colgate the Twirler (Demonspawn Gladiator)          Turns: 1149, Time: 00:04:07

Health: -1/27      AC:  0    Str: 14    XL:     3   Next: 57%
Magic:  3/3        EV: 15    Int:  8    God:
Gold:   110        SH:  0    Dex: 16    Spells: 2/2 levels left

rFire   . . .        b - melded +11 dagger of Ongi {freeze, rCorr}
rCold   . . .        (shield currently unavailable)
rNeg    . . .        h - melded +0 scale mail
rPois   .            c - melded +0 helmet
rElec   .            (cloak currently unavailable)
rCorr   .            (gloves currently unavailable)
SInv    .            (boots currently unavailable)
Will    .....        (no amulet)
Stlth   ++           (ring currently unavailable)
HPRegen 0.24/turn    (ring currently unavailable)
MPRegen 0.08/turn

%: no passive effects
@: pig-form, very quick
A: fast, no casting, small, powered by death 1
a: no special abilities


You were on level 2 of the Dungeon.
You were a filthy swine.
You visited 1 branch of the dungeon, and saw 2 of its levels.

You collected 110 gold pieces.

Inventory:

Hand Weapons
 a - a +0 quarterstaff
 b - the +11 dagger of Ongi (melded) {freeze, rCorr}
   (You found it on level 2 of the Dungeon)

   rCorr:     It protects you from acid and corrosion.
Missiles
 d - 3 throwing nets (quivered) {!f}
 e - 5 javelins
Armour
 c - a +0 helmet (melded)
 h - a +0 scale mail (melded)
Wands
 m - a wand of paralysis (11)
Scrolls
 i - 4 scrolls of identify {unknown}
 k - a scroll of revelation {unknown}
 o - a scroll of vulnerability {unknown}
 q - a scroll of silence {unknown}
 r - a scroll of enchant armour {unknown}
 u - a scroll of fog {unknown}
Potions
 f - a potion of degeneration {unknown}
 g - a potion of might {unknown}
 j - a potion of attraction {unknown}
 l - a potion of mutation {unknown}
 n - a potion of resistance {unknown}
 p - 2 potions of magic {unknown}
 s - 2 potions of curing {unknown}
 t - a potion of enlightenment {unknown}
 v - a potion of heal wounds {unknown}


   Skills:
 - Level 2.0 Fighting
 - Level 3.7 Staves
 - Level 1.7 Throwing
 - Level 2.6 Dodging
 + Level 1.9 Stealth


You had 2 spell levels left.
You didn't know any spells.
Your spell library contained the following spells:

 Spells                   Type           Power      Damage    Failure   Level
 Summon Ice Beast         Ice/Summ       0%         N/A       99%         4
 Summon Mana Viper        Hex/Summ       0%         N/A       100%        5
 Monstrous Menagerie      Summ           0%         N/A       100%        7


Dungeon Overview and Level Annotations

Branches:
Dungeon (2/15)

Altars:

Annotations:
D:2 Crazy Yiuf


Innate Abilities, Weirdness & Mutations

You are a filthy swine.
You move quickly.
Your equipment is almost entirely melded.
You are incapable of wielding weapons or throwing items.
You cannot cast spells.
You regenerate a little health from kills.


Message History

No target in view!
e - 5 javelins (gained 4)
t - a purple potion No target in view!
Found a stone staircase leading down.
No target in view!
There is a stone staircase leading down here.
u - a scroll labelled QEAROK ICEPLO No target in view!
Found a leather armour.
No target in view!
v - an inky potion No target in view!
Found a hammer.
Found a runed translucent door.
No target in view!
Crazy Yiuf shouts!
Crazy Yiuf yells, "Powder rumpyflump senile!"
Crazy Yiuf yells, "Shadow high bush!"
Crazy Yiuf laughs, "Snoogle sing-song agre!"
There is a stone staircase leading down here.
There is a stone staircase leading down here.
You open the door.
Crazy Yiuf sings, "Trees, trees, trees, circus!"
You hit Crazy Yiuf. You freeze Crazy Yiuf.
Crazy Yiuf hits you with a +3 quarterstaff of chaos!
Crazy Yiuf freezes you.
You are too injured to fight recklessly!
You hit Crazy Yiuf. You freeze Crazy Yiuf.
Crazy Yiuf zaps a wand.
You turn into a filthy swine.
The +11 dagger of Ongi {freeze, rCorr} melds into your body.
Your +0 helmet melds into your body.
Your +0 scale mail melds into your body.
The +11 dagger of Ongi {freeze, rCorr} stops glowing.
You barely miss Crazy Yiuf.
Crazy Yiuf yells, "Snurf!
Scoff sizzlefizz light."
Crazy Yiuf misses you.
You hit Crazy Yiuf but do no damage.
Crazy Yiuf hits you with a +3 quarterstaff of chaos!
Ouch! That really hurt!
You die...

#.###..##
#...#..#
######.#..#
#####
#.........##
#..)#
#...........
#...#
######.##.##
... #.##.##
#g#
####.##.##
♣♣h♣
#....##.##
♣.♣♣
#.#####.##
♣♣.♣ #>#
#.## ♣.♣♣
#.# #.##
♣♣.♣♣ #.#
##.## ♣...♣♣
##.####....
♣....♣
#.....#....
#....#
#..##.#.###
####....#
#..##.#.#


You could see Crazy Yiuf.

Vanquished Creatures
  Terence (D:2)
  2 dart slugs (D:1)
  A ball python (D:2)
  2 bats (D:2)
  An endoplasm (D:1)
  A giant cockroach (D:1)
  2 goblins (D:1)
  2 hobgoblins
  A kobold (D:1)
  3 quokkas (D:1)
  4 rats
20 creatures vanquished.

Notes
Turn   | Place    | Note
-------+----------+-------------------------------------------
     0 | D:1      | Colgate the Demonspawn Gladiator began the quest for the
                  | Orb.
     0 | D:1      | Reached XP level 1. HP: 16/16 MP: 1/1
   131 | D:1      | Reached skill level 3 in Staves
   238 | D:1      | Gained mutation: You regenerate a little health from kills.
                  | [demonic ancestry]
   238 | D:1      | Reached XP level 2. HP: 21/22 MP: 2/2
   607 | D:2      | Identified the +11 dagger of Ongi {freeze, rCorr}
   772 | D:2      | Noticed Terence
   782 | D:2      | Killed Terence
   783 | D:2      | Reached skill level 1 in Stealth
   783 | D:2      | Reached XP level 3. HP: 26/27 MP: 3/3
  1047 | D:2      | Found a runed translucent door.
  1048 | D:2      | Noticed Crazy Yiuf
  1149 | D:2      | Slain by Crazy Yiuf

Illustrated notes

Levels and vault maps discovered:
D:1:      dpeg_arrival_snail, layout_rooms
D:2:      layout_loops_ring, uniq_terence, uniq_crazy_yiuf_cottage

Skill      XL: |  1  2 |
---------------+-------+-----
Staves         | 3 |  3.7
Stealth        | 1 |  1.9
Fighting       | |  2.0
Throwing       | |  1.7
Dodging        | |  2.6

Action                     || total
---------------------------++-------
  Melee: Quarterstaff      ||    52
         Dagger            ||    13
         Unarmed           ||     2
  Throw: Javelin           ||     1
 Armour: Scale mail        ||    33
         Skin              ||     1
  Dodge: Dodged            ||    40

Table legend: (Time is in decaauts)
 A = Elapsed time spent in this place.
 B = Non-inter-level travel time spent in this place.
 C = Inter-level travel time spent in this place.
 D = Time resting spent in this place.
 E = Time spent auto-exploring this place.
 F = Levels seen in this place.
 G = Mean time per level.
                   A        B        C        D        E       F      G
               +--------+--------+--------+--------+--------+-----+--------+
         Total |   1154 |   1134 |     20 |      0 |    928 |   2 |  577.0 |
       Dungeon |   1154 |   1134 |     20 |      0 |    928 |   2 |  577.0 |
               +--------+--------+--------+--------+--------+-----+--------+

Top non-repeatable levels by time:
     D:2: 647 daAuts
     D:1: 507 daAuts
